 Dungeon Crawl Stone Soup version 0.27.1 (webtiles) character file.

Game seed: 7771666824484326529

8962 GameOver the Covert (level 11, -3/76 (81) HPs)
             Began as a Naga Hedge Wizard on Aug 26, 2021.
             Was a High Priest of Okawaru.
             Slain by a freezing wraith (14 damage)
             ... on level 10 of the Dungeon.
             The game lasted 01:41:49 (9946 turns).

GameOver the Covert (Naga Hedge Wizard)             Turns: 9946, Time: 01:41:51

HP:   -3/76 (81)    AC: 12    Str: 12    XL:     11   Next: 39%
MP:   3/20          EV: 11    Int: 17    God:    Okawaru [*****.]
Gold: 661           SH:  0    Dex: 12    Spells: 8/22 levels left

rFire    + . .     SeeInvis +   w - +3 morningstar (freeze)
rCold    . . .     Faith    .   (no shield)
rNeg     . . .     Spirit   .   u - +2 leather armour {rF+}
rPois    +         Reflect  .   c - +0 helmet
rElec    .         Harm     .   C - +0 cloak
rCorr    .         Rampage  .   f - +0 pair of gloves
Will     +....                  (no barding)
Stlth    +++++.....             (no amulet)
HPRegen  0.22/turn              (no ring)
MPRegen  0.17/turn              (no ring)

@: heroic, very slightly contaminated, slowed, drained, very slow
A: AC +3, large, see invisible, deformed body, poison resistance, slowness 2,
spit poison 1, naga tail 1
a: Spit Poison, Renounce Religion, Heroism, Finesse


You were on level 10 of the Dungeon.
You worshipped Okawaru.
Okawaru was extremely pleased with you.
You visited 1 branch of the dungeon, and saw 12 of its levels.
You also visited: Sewer and Bailey.

You collected 661 gold pieces.

Inventory:

Hand Weapons
 l - a +1 flail of protection
 o - a +0 rapier
 p - a +0 long sword
 w - a +3 morningstar of freezing (weapon)
 x - a +0 spear
 y - a +1 flail of draining
 B - a +0 whip of freezing
 I - a +3 flail
 O - a +0 short sword
 W - a +0 dagger of speed
Armour
 c - a +0 helmet (worn)
 f - a +0 pair of gloves (worn)
 u - a +2 leather armour of fire resistance (worn)
 A - a +0 kite shield
 C - a +0 cloak (worn)
Magical Staves
 e - a staff of fire
 i - a staff of earth
 q - a staff of death
Wands
 g - a wand of paralysis (15)
 H - a wand of flame (9)
Scrolls
 b - a scroll of fog
 d - 3 scrolls of fear {unknown}
 j - 3 scrolls of magic mapping
 k - a scroll of brand weapon
 m - a scroll of enchant weapon
 n - 3 scrolls of immolation
 r - a scroll of summoning
 t - 2 scrolls of holy word {unknown}
 v - a scroll of teleportation {unknown}
 E - a scroll of amnesia {unknown}
 K - a scroll of acquirement
 L - 2 scrolls of enchant armour {unknown}
 M - a scroll of torment {unknown}
Potions
 a - 2 potions of mutation {unknown}
 h - a potion of attraction
 s - 2 potions of heal wounds
 z - a potion of flight {unknown}
 D - 7 potions of haste
 F - a potion of lignification {unknown}
 G - 3 potions of invisibility
 J - 4 potions of might
 N - a potion of ambrosia {unknown}


   Skills:
 - Level 4.0(9.0) Maces & Flails
 - Level 5.0(10.0) Armour
 - Level 1.5(6.5) Dodging
 + Level 9.3(14.3) Stealth
 - Level 6.0 Spellcasting
 - Level 6.0 Conjurations
 - Level 1.0 Summonings
 + Level 5.1 Necromancy
 - Level 3.0 Translocations
 * Level 8.6 Fire Magic
 - Level 6.0 Poison Magic
 + Level 4.2 Invocations


You had 8 spell levels left.
You knew the following spells:

 Your Spells              Type           Power      Damage    Failure   Level
a - Magic Dart            Conj           100%       1d8       1%          1
b - Blink                 Tloc           N/A        N/A       7%          2
c - Dispel Undead         Necr           22%        3d12      19%         4
d - Mephitic Cloud        Conj/Pois/Air  18%        N/A       9%          3
s - Sticky Flame          Conj/Fire      30%        2d5       8%          4

Your spell library contained the following spells:

 Spells                   Type           Power      Damage    Failure   Level
 Conjure Flame            Conj/Fire      30%        6-21      2%          3
 Ignite Poison            Fire/Tmut/Pois 21%        N/A       6%          3
 Corpse Rot               Necr/Air       N/A        N/A       9%          2
 Call Imp                 Summ           8%         N/A       16%         2
 Slow                     Hex            5%         N/A       24%         2
 Passage of Golubria      Tloc           N/A        N/A       41%         4
 Tukima's Dance           Hex            5%         N/A       43%         3
 Death Channel            Necr           11%        N/A       96%         6
 Yara's Violent Unravell  Hex/Tmut       2%         3d3       99%         5


Dungeon Overview and Level Annotations

Branches:
Dungeon (12/15)            Temple (0/1) D:5            Lair (0/6) D:10
  Sewer (visited)          Bailey (visited)
    Orc: D:9-12

Altars:
Elyvilon
Gozag
Hepliaklqana
Makhleb
Nemelex Xobeh
Okawaru
Ru
Trog
Uskayaw
Vehumet
Zin

Shops:
D:4 :   D:6 :   D:9 (   D:11 =

Annotations:
D:4 3 runed translucent doors, Destapler's ghost, amateur HOSu
D:7 3 runed translucent doors, MacCMillion's ghost, novice GrEE


Innate Abilities, Weirdness & Mutations

Your serpentine skin is tough. (AC +3)
You have supernaturally acute eyesight. (SInv)
Armour fits poorly on your strangely shaped body.
Your system is resistant to poisons. (rPois)
You cover ground very slowly.
You can spit poison.
You have a snake-like lower body.


Message History

Aim: a freezing wraith (100% to hit)
You miscast Dispel Undead.
You are very lightly contaminated with residual magic.
Nothing appears to happen.
The freezing wraith misses you.
The freezing wraith hits you but does no damage.
Casting: Dispel Undead (dangerous; 21% risk of failure)
Confirm with . or Enter, or press ? or * to list all spells.
Aiming: Dispel Undead (dangerous; 21% risk of failure)
Press: ? - help, Shift-Dir - straight line, f/p - freezing wraith
Aim: a freezing wraith (100% to hit)
You miscast Dispel Undead.
The world around you seems to dim momentarily!
You feel drained. The freezing wraith hits you!
The freezing wraith freezes you! The freezing wraith closely misses you.
Unknown command.
Casting: Dispel Undead (dangerous; 21% risk of failure)
Confirm with . or Enter, or press ? or * to list all spells.
Aiming: Dispel Undead (dangerous; 21% risk of failure)
Press: ? - help, Shift-Dir - straight line, f/p - freezing wraith
Aim: a freezing wraith (100% to hit)
The freezing wraith is dispelled!!
The freezing wraith closely misses you.
The freezing wraith completely misses you.
Unknown command.
Unknown command.
Casting: Dispel Undead (dangerous; 21% risk of failure)
Confirm with . or Enter, or press ? or * to list all spells.
Aiming: Dispel Undead (dangerous; 21% risk of failure)
Press: ? - help, Shift-Dir - straight line, f/p - freezing wraith
Aim: a freezing wraith (moderately damaged, 100% to hit)
You miscast Dispel Undead.
You shiver with cold!
You feel drained. The freezing wraith barely misses you.
The freezing wraith hits you! The freezing wraith drains your vigour!
You feel yourself slow down.
Unknown command.
You gain the combat prowess of a mighty hero.
The freezing wraith hits you. The freezing wraith freezes you!
* * * LOW HITPOINT WARNING * * *
The freezing wraith barely misses you. The freezing wraith hits you!
* * * LOW HITPOINT WARNING * * *
The freezing wraith freezes you!
You die...

..# ##..## ##..
##..## ##.. ##..##
##... ##...# ###....
###)..## ##.....#
##.....# ##......#
###.....##
T.......###.......#
........@W........##
.....................
#####################


You could see a freezing wraith.

Vanquished Creatures
  A hydra (D:11)
  An orc knight (Bailey)
  Pikel (D:4)
  2 centaur zombies
  2 unseen horrors
  A slime creature (D:12)
  2 shadows
  2 wraiths
  Sigmund (D:4)
  4 yaks (D:10)
  A wyvern (D:8)
  A basilisk (D:12)
  2 steam dragons
  3 vampire mosquitoes (D:12)
  Edmund (D:6)
  2 water moccasins
  Duvessa (D:6)
  2 sky beasts
  An ice beast (D:7)
  2 black bears
  4 necrophages (D:8)
  6 orc warriors
  2 ogres
  2 centaurs (D:8)
  2 kobold brigands
  4 bullfrogs
  Dowan (D:6)
  A wyvern zombie (D:8)
  2 scorpions
  7 wights (D:8)
  3 bullfrog zombies
  A gnoll shaman (D:7)
  A jelly (D:4)
  3 hounds
  8 orc priests
  A centaur skeleton (D:7)
  An iguana (D:5)
  7 orc wizards
  A killer bee zombie (D:5)
  Robin (D:4)
  3 howler monkey zombies
  20 gnolls
  16 adders
  A shadow imp (D:7)
  A white imp (D:6)
  3 ufetubi
  4 worms
  40 orcs
  8 endoplasms
  9 giant cockroaches
  13 goblins
  34 hobgoblins
  7 jackals
  23 kobolds
  14 quokkas
  5 ball pythons
  4 bats
  3 frilled lizards
  5 rats
304 creatures vanquished.

Vanquished Creatures (others)
  18 plants (D:5)
  4 withered plants (D:8)
22 creatures vanquished.

Grand Total: 326 creatures vanquished

Notes
Turn   | Place    | Note
-------+----------+-------------------------------------------
     0 | D:1      | GameOver the Naga Hedge Wizard began the quest for the Orb.
     0 | D:1      | Reached XP level 1. HP: 15/15 MP: 4/4
   117 | D:1      | Reached XP level 2. HP: 22/22 MP: 3/6
   580 | D:1      | Reached XP level 3. HP: 28/28 MP: 7/7
   583 | D:1      | Learned a level 2 spell: Blink
   587 | D:1      | Learned a level 3 spell: Mephitic Cloud
  1030 | D:2      | Reached XP level 4. HP: 36/36 MP: 3/8
  1754 | D:3      | Found a bloodstained altar of Trog.
  1816 | D:3      | Found a faded altar of an unknown god.
  1872 | D:3      | Found an iron altar of Okawaru.
  2030 | D:3      | Reached skill level 1 in Poison Magic
  2042 | D:3      | Reached XP level 5. HP: 42/42 MP: 7/9
  2063 | D:3      | Found a hide-covered altar of Uskayaw.
  2072 | D:3      | Learned a level 4 spell: Sticky Flame
  2491 | D:3      | Became a worshipper of Warmaster Okawaru
  2576 | D:4      | Reached skill level 4 in Stealth
  2647 | D:4      | Reached skill level 5 in Conjurations
  2746 | D:4      | Found a hazy altar of Hepliaklqana.
  2818 | D:4      | Reached XP level 6. HP: 48/49 MP: 6/10
  2818 | D:4      | Found a runed translucent gate.
  2818 | D:4      | Found a runed translucent gate.
  2818 | D:4      | Found a runed translucent gate.
  2860 | D:4      | Found Agueja's Book Boutique.
  2880 | D:4      | Found an opulent altar of Gozag.
  3028 | D:4      | Noticed Robin
  3049 | D:4      | Killed Robin
  3198 | D:4      | Reached * piety under Okawaru
  3199 | D:4      | Reached skill level 5 in Stealth
  3210 | D:5      | Entered Level 5 of the Dungeon
  3307 | D:5      | Reached XP level 7. HP: 43/55 MP: 3/11
  3405 | D:5      | Found a staircase to the Ecumenical Temple.
  3431 | D:5      | Found a glowing silver altar of Zin.
  3524 | D:5      | Found a glowing drain.
  3538 | Sewer    | Entered a sewer
  3550 | Sewer    | Reached skill level 6 in Stealth
  3685 | Sewer    | Reached skill level 5 in Poison Magic
  3749 | Sewer    | Reached ** piety under Okawaru
  3750 | Sewer    | Reached skill level 1 in Fire Magic
  3756 | Sewer    | Reached skill level 1 in Armour
  3839 | D:4      | Reached XP level 8. HP: 62/62 MP: 8/12
  4625 | D:4      | Noticed Pikel
  4646 | D:4      | Killed Pikel
  4753 | D:4      | Noticed Sigmund
  4760 | D:4      | Killed Sigmund
  4920 | D:4      | Noticed Destapler's ghost (amateur HOSu)
  4987 | D:6      | Reached XP level 9. HP: 68/68 MP: 13/15
  5230 | D:6      | Reached *** piety under Okawaru
  5236 | D:6      | Reached skill level 5 in Spellcasting
  5392 | D:6      | Noticed Edmund
  5409 | D:6      | Killed Edmund
  5483 | D:6      | Reached skill level 5 in Fire Magic
  5588 | D:6      | Found Vaumuowk's Self-Improvement Boutique.
  5681 | D:6      | Noticed Duvessa
  5681 | D:6      | Noticed Dowan
  5707 | D:6      | Killed Duvessa
  5715 | D:6      | Killed Dowan
  5953 | D:7      | Learned a level 4 spell: Dispel Undead
  5979 | D:7      | Reached skill level 1 in Necromancy
  6070 | D:7      | Found a runed translucent gate.
  6071 | D:7      | Found a runed translucent gate.
  6072 | D:7      | Found a runed translucent gate.
  6096 | D:7      | Reached **** piety under Okawaru
  6247 | D:7      | Noticed MacCMillion's ghost (novice GrEE)
  6311 | D:7      | Reached skill level 5 in Armour
  6311 | D:7      | Reached XP level 10. HP: 75/75 MP: 3/19
  6772 | D:8      | Noticed an unseen horror
  6801 | D:8      | Killed an unseen horror
  6801 | D:8      | Reached ***** piety under Okawaru
  6802 | D:8      | Reached skill level 7 in Stealth
  7016 | D:8      | Found a radiant altar of Vehumet.
  7115 | D:8      | Reached skill level 1 in Maces & Flails
  7194 | D:8      | HP: 1/75 [orc warrior (6)]
  7666 | D:8      | Found a burning altar of Makhleb.
  7888 | D:9      | Found a sacrificial altar of Ru.
  7905 | D:9      | Found a flagged portal.
  7915 | Bailey   | Entered a bailey
  8123 | Bailey   | Noticed an orc knight
  8173 | Bailey   | Killed an orc knight
  8174 | Bailey   | Reached skill level 8 in Stealth
  8174 | Bailey   | Reached skill level 1 in Invocations
  8441 | D:9      | Found a sparkling altar of Nemelex Xobeh.
  8471 | D:9      | Noticed a fire crab
  8471 | D:9      | Noticed a rakshasa
  8511 | D:9      | Found Roerojoe's Antique Weapon Shoppe.
  8562 | D:9      | Noticed a wizard
  8562 | D:9      | Noticed a manticore
  8562 | D:9      | Noticed a rakshasa
  8585 | D:10     | Entered Level 10 of the Dungeon
  8641 | D:10     | Found a staircase to the Lair.
  8883 | D:10     | Reached XP level 11. HP: 65/81 MP: 14/20
  8902 | D:10     | You fall into a shaft and drop 2 floors!
  9000 | D:11     | Found Mesema Jea's Jewellery Shoppe.
  9008 | D:11     | Noticed a seven-headed hydra
  9253 | D:12     | HP: 4/81 [vampire mosquito (9)]
  9292 | D:12     | Found the +4 skin of Zhor {*Englaciate rC+++ SInv}
  9410 | D:11     | Killed a seven-headed hydra
  9410 | D:11     | Received a gift from Okawaru
  9411 | D:11     | Reached skill level 9 in Stealth
  9536 | D:11     | Reached skill level 5 in Necromancy
  9650 | D:10     | Found a white marble altar of Elyvilon.
  9926 | D:10     | Received a gift from Okawaru
  9946 | D:10     | Slain by a freezing wraith

Illustrated notes

Levels and vault maps discovered:
D:1:      dpeg_arrival_arbitrary_a, layout_loops_corners, hangedman_decor_points
D:2:      kb_forest_paths, layout_basic, serial_corexii_hall,
          corexii_hall_statues_x, chequers_hall_statues_corner_a
D:3:      layout_loops_ring, lemuel_crystal_altar,
          eat_drink_and_be_merry_uskayaw, trog_three_pillars_becter,
          hellmonk_ecumenical_altar_heavens_door, minmay_three_crescents
D:4:      layout_loops_ring, nicolae_gozag_cash_rules_everything_around_me,
          lemuel_round_altar, serial_shops, shop, gammafunk_ghost_icy,
          minmay_misc_feat_iff, uniq_robin, uniq_pikel, uniq_sigmund
D:5:      layout_loops_corners, kennysheep_little_box,
          minmay_temple_entry_overgrown, serial_bayou, serial_bayou_shore_b,
          serial_bayou_shore_b, serial_bayou_pond_c, serial_bayou_lagoon_b,
          cheibrodos_sewer_entry_bend
D:6:      layout_cave_pods, nicolae_shop_self_help, uniq_duvessa, uniq_edmund
D:7:      layout_basic, ebering_ghost_rock_garden
D:8:      layout_loops_corners, nicolae_vehumet_radiance, lemuel_doored_altar,
          serial_undead, serial_undead_c, serial_undead_c, serial_undead_b,
          serial_undead_f, serial_undead_b, minmay_between
D:9:      layout_loops_ring, mainiacjoe_overflow_brackets, lemuel_tele_altar,
          enter_bailey_2, serial_shops, shop, minivault_28
D:10:     minmay_thick_lines, layout_basic, general_overflow_altar,
          lair_entry_dummy, enter_trove_1, kennysheep_generic_room_16,
          uniq_maggie
D:11:     layout_gridville, serial_shops, shop, special_room [special_room_bee],
          uniq_maurice
D:12:     layout_loops_cross, david_orc_1_choice, hellmonk_guarded_unrand_zhor

Skill      XL: |  1  2  3  4  5  6  7  8  9 10 11 |
---------------+----------------------------------+-----
Conjurations   | 2 3 4 5 6 |  6.0
Poison Magic   | 1 2 3 5 6 |  6.0
Stealth        | 4 5 6 8 9 |  9.3
Fire Magic     | 1 4 5 7 8 |  8.6
Armour         | 1 3 5 |  5.0
Spellcasting   | 4 6 |  6.0
Translocations | 3 |  3.0
Necromancy     | 2 4 5 |  5.1
Maces & Flails | 3 4 |  4.0
Invocations    | 2 4 |  4.2
Dodging        | |  1.5
Summonings     | |  1.0

Action                   |  1- 3 |  4- 6 |  7- 9 | 10-12 || total
-------------------------+-------+-------+-------+-------++-------
Melee: Dagger            |     5 |   103 |    37 |    26 ||   171
       Flail             |       |     5 |    81 |    11 ||    97
       Morningstar       |       |       |       |   115 ||   115
       Short sword       |       |       |       |     1 ||     1
 Cast: Magic Dart        |    46 |   105 |   127 |    97 ||   375
       Mephitic Cloud    |       |     7 |    23 |    16 ||    46
       Blink             |       |     1 |       |     5 ||     6
       Sticky Flame      |       |       |    10 |    36 ||    46
       Dispel Undead     |       |       |       |     1 ||     1
Invok: Heroism           |       |       |     1 |     6 ||     7
 Abil: Spit Poison       |    37 |    59 |    79 |    69 ||   244
Evoke: Wand              |       |       |       |    10 ||    10
  Use: Scroll            |       |     4 |     3 |     2 ||     9
       Potion            |       |       |     2 |     8 ||    10
 Stab: Sleeping          |       |     1 |       |     3 ||     4
       Confused          |       |       |     6 |     4 ||    10
       Paralysed         |       |       |       |     2 ||     2
Armor: Robe              |     4 |    34 |    37 |       ||    75
       Leather armour    |       |       |    22 |    74 ||    96
Dodge: Dodged            |    15 |    55 |   101 |    92 ||   263
